 Dungeon Crawl Stone Soup version 0.30-a0-1163-gf69bf04e7a (webtiles) character file.

Game seed: 14447957989790247811

121 ytrimaz the Slasher (level 4, -2/33 HPs)
             Began as a Demonspawn Gladiator on Apr 28, 2023.
             Slain by Natasha (6 damage)
             ... on level 2 of the Dungeon.
             The game lasted 00:01:42 (1444 turns).

ytrimaz the Slasher (Demonspawn Gladiator)          Turns: 1444, Time: 00:01:43

Health: -2/33      AC:  4    Str: 15    XL:     4   Next: 77%
Magic:  4/4        EV: 13    Int:  9    God:
Gold:   111        SH:  0    Dex: 16    Spells: 3/3 levels left

rFire   . . .        a - +0 long sword
rCold   . . .        (no shield)
rNeg    . . .        b - +0 leather armour
rPois   .            c - +0 helmet
rElec   .            (no cloak)
rCorr   .            (no gloves)
SInv    .            (no boots)
Will    .....        (no amulet)
Stlth   +            (no ring)
HPRegen 0.25/turn    (no ring)
MPRegen 0.18/turn

%: no passive effects
@: about to teleport, slowed, very slow
A: magic regeneration, weakness stinger 1
a: no special abilities


You were on level 2 of the Dungeon.
You visited 1 branch of the dungeon, and saw 2 of its levels.

You collected 111 gold pieces.


Innate Abilities, Weirdness & Mutations

You regenerate magic rapidly.
You have a small tail.


   Skills:
 - Level 2.0 Fighting
 + Level 4.0 Long Blades
 - Level 1.7 Throwing
 + Level 4.0 Dodging


You had 3 spell levels left.
You didn't know any spells.
Your spell library contained the following spells:

 Spells                   Type           Power      Damage    Failure   Level
 Dazzling Flash           Conj/Hex       0%         N/A       83%         3
 Volatile Blastmotes      Fire/Tloc      0%         2d10      83%         3
 Iskenderun's Mystic Bla  Conj/Tloc      0%         2d3       99%         4
 Starburst                Conj/Fire      0%         6d3       100%        6

Inventory:

Hand Weapons
 a - a +0 long sword (weapon)
Missiles
 d - 3 throwing nets (quivered)
 e - a javelin
Armour
 b - a +0 leather armour (worn)
 c - a +0 helmet (worn)
Scrolls
 f - a scroll of magic mapping {unknown}
 k - a scroll of silence {unknown}
 l - a scroll of teleportation
Potions
 g - a potion of mutation {unknown}
 h - a potion of curing {unknown}
 m - a potion of haste {unknown}

Dungeon Overview and Level Annotations

Branches:
Dungeon (2/15) Zot: 10523

Altars:

Annotations:
D:2 1 runed translucent door, Crazy Yiuf, Natasha

.###.......<....# ##
#....#######.#
####.#<.#######.#
#>......#.......#
.###.#.##.#######
...#.#..#[###################
##.#.##.#..>...5............#
...#....##......###########.#
#...######....5h@........##.#
#....#####.......#######....#
.....##..........# ######
..#...#..........#
..#...#.........##
..#...#.........#####
..##.##.....#'###...#
#....##.....#.###.#.#
......#.....#.....#.#


You could see Natasha and 2 cerulean imps.


Message History

You slash Natasha!
You kill Natasha!
Natasha screams in fury as she dies!
Your Long Blades skill increases to level 4!
Your Dodging skill increases to level 4!
Unknown command. 😕 HP[+1]
You see here the felid corpse of Natasha.
Key pressed, stopping explore.
Unknown command.
There is an open door here.
Key pressed, stopping explore.
There is a stone staircase leading down here.
Key pressed, stopping explore.
Found a runed translucent door. 😎 HP[+8]
Your hp is fully restored (33).
Crazy Yiuf shouts!
Crazy Yiuf cries, "Rifle!"
There is an escape hatch in the ceiling here.
Key pressed, stopping explore.
Key pressed, stopping explore.
There is a stone staircase leading up here.
You see here a +0 chain mail.
There is a stone staircase leading down here.
Key pressed, stopping explore.
You now have 111 gold pieces (gained 11).
Natasha, Servant of Life and Death comes into view.
Natasha hisses angrily.
Natasha extends her claws.
Natasha mumbles some strange words.
Natasha claws you!
The cerulean imp hits you from afar with a +1 spear. 😮 HP[-10]
You take 10 damage, and now have 23/33 hp.
MASSIVE DAMAGE!! (PAUSE)
You barely miss Natasha.
Your tail-slap misses Natasha.
The cerulean imp hits you but does no damage.
Natasha casts a spell at you. The magic dart hits you! 😮 HP[-6]
You take 6 damage, and now have 17/33 hp.
You hit Natasha.
The cerulean imp hits you from afar with a +1 spear.
* * * LOW HITPOINT WARNING * * *
Natasha claws you.
* * * LOW HITPOINT WARNING * * *
😱 HP[-10]
You take 10 damage, and now have 7/33 hp.
MASSIVE DAMAGE!! (PAUSE)
You hit Natasha. The cerulean imp closely misses you. Natasha claws you.
* * * LOW HITPOINT WARNING * * *
😱 HP[-5]
You take 5 damage, and now have 2/33 hp.
You hit Natasha. The cerulean imp barely misses you.
Natasha growls.
Natasha casts a spell at you. You resist with some effort.
Unknown command.
You feel much better.
Natasha casts a spell.
The cerulean imp closely misses you. 😕 HP[+27]
You regained 27 hp, and now have 29/33 hp.
Unknown command.
You hit Natasha.
You tail-slap Natasha, but do no damage.
Natasha claws you but does no damage. The cerulean imp barely misses you.
The cerulean imp hits you from afar with a +0 spear.
Natasha casts a spell at you.
You feel yourself slow down.
The cerulean imp closely misses you. 😕 HP[-4]
You take 4 damage, and now have 25/33 hp.
You barely miss Natasha.
The cerulean imp hits you but does no damage.
The cerulean imp misses you. Natasha claws you!
The cerulean imp hits you from afar with a +0 spear.
* * * LOW HITPOINT WARNING * * *
Unknown command. 😨 HP[-10]
You take 10 damage, and now have 15/33 hp.
MASSIVE DAMAGE!! (PAUSE) Natasha attacks as you move away!
Natasha barely misses you. Natasha casts a spell at you.
You resist with some effort.
The cerulean imp hits you from afar with a +1 spear.
* * * LOW HITPOINT WARNING * * *
The cerulean imp hits you from afar with a +0 spear.
* * * LOW HITPOINT WARNING * * *
😱 HP[-9]
You take 9 damage, and now have 6/33 hp.
MASSIVE DAMAGE!! (PAUSE)
As you read the scroll labelled BIPAOC ROOGUS, it crumbles to dust.
You feel strangely unstable.
It was a scroll of teleportation.
The cerulean imp hits you from afar with a +1 spear.
* * * LOW HITPOINT WARNING * * *
Natasha claws you.
You die...

Skill      XL: |  1  2  3  4 |
---------------+-------------+-----
Long Blades    | 3 4 |  4.0
Dodging        | 3 4 |  4.0
Fighting       | |  2.0
Throwing       | |  1.7

Action                     |  1- 3 |  4- 6 || total
---------------------------+-------+-------++-------
  Melee: Long sword        |    94 |    35 ||   129
         Tailslap          |     1 |     5 ||     6
         Punch             |     1 |       ||     1
    Use: Potion            |     3 |     1 ||     4
         Scroll            |     1 |     2 ||     3
 Armour: Leather armour    |    29 |    11 ||    40
  Dodge: Dodged            |    86 |    35 ||   121

Levels and vault maps discovered:
D:1:      mushboom_english_gardens, layout_basic, minmay_split_cup_small
D:2:      layout_basic, uniq_natasha, uniq_crazy_yiuf_cottage

Notes
Turn   | Place    | Note
-------+----------+-------------------------------------------
     0 | D:1      | ytrimaz the Demonspawn Gladiator began the quest for the
                  | Orb.
     0 | D:1      | Reached XP level 1. HP: 16/16 MP: 1/1
     0 | D:1      | magus.rc [v1.9.6]
   103 | D:1      | Reached skill level 3 in Long Blades
   103 | D:1      | Reached skill level 3 in Dodging
   103 | D:1      | Gained mutation: You regenerate magic rapidly. [demonic
                  | ancestry]
   103 | D:1      | Reached XP level 2. HP: 20/22 MP: 2/2
   391 | D:1      | You pick up a book of Spectacle and begin reading...
   391 | D:1      | You add the spells Volatile Blastmotes, Dazzling Flash,
                  | Iskenderun's Mystic Blast and Starburst to your library.
   485 | D:1      | You feel monstrous as your demonic heritage exerts itself.
   485 | D:1      | Discovered your monstrous ancestry.
   485 | D:1      | Gained mutation: You have a small tail. [demonic ancestry]
   485 | D:1      | Reached XP level 3. HP: 27/27 MP: 3/3
   839 | D:2      | Noticed Natasha
   867 | D:2      | Killed Natasha
   868 | D:2      | Reached XP level 4. HP: 15/33 MP: 4/4
  1243 | D:2      | Noticed Natasha
  1249 | D:2      | Killed Natasha
  1250 | D:2      | Reached skill level 4 in Long Blades
  1250 | D:2      | Reached skill level 4 in Dodging
  1323 | D:2      | Found a runed translucent door.
  1324 | D:2      | Noticed Crazy Yiuf
  1431 | D:2      | Noticed Natasha
  1437 | D:2      | HP: 7/33 [Natasha (5)]
  1438 | D:2      | HP: 2/33 [Natasha (5)]
  1443 | D:2      | HP: 6/33 [cerulean imp/+0 spear[Natasha] (5)]
  1444 | D:2      | Slain by Natasha

Vanquished Creatures
  Natasha (twice) (D:2)
  2 adders (D:2)
  2 worms (D:2)
  3 dart slugs (D:1)
  A ball python (D:1)
  3 giant cockroaches
  3 hobgoblins
  9 jackals
  6 kobolds
  3 quokkas (D:1)
  2 bats
  A frilled lizard (D:1)
  A goblin (D:1)
  3 rats
41 creatures vanquished.

Table legend:
 A = Non-vault XP
 B = Vault XP
 C = Vault XP percentage of total XP
 D = Non-vault monster count
 E = Vault monster count
 F = Vault count percentage of total count
                 A         B        C        D         E       F
            +---------+---------+-------+---------+---------+-------
      Total |     133 |      41 |  23.6 |      37 |       4 |   9.8
            +---------+---------+-------+---------+---------+-------
        D:1 |      40 |       6 |  13.0 |      19 |       3 |  13.6
        D:2 |      93 |      35 |  27.3 |      18 |       1 |   5.3
            +---------+---------+-------+---------+---------+-------

Skill      XL: |  1  2  3  4 |
---------------+-------------+-----
Long Blades    | 3 4 |  4.0
Dodging        | 3 4 |  4.0
Fighting       | |  2.0
Throwing       | |  1.7

Action                     |  1- 3 |  4- 6 || total
---------------------------+-------+-------++-------
  Melee: Long sword        |    94 |    35 ||   129
         Tailslap          |     1 |     5 ||     6
         Punch             |     1 |       ||     1
    Use: Potion            |     3 |     1 ||     4
         Scroll            |     1 |     2 ||     3
 Armour: Leather armour    |    29 |    11 ||    40
  Dodge: Dodged            |    86 |    35 ||   121

Illustrated notes

Table legend:
 A = Kills in this place as a percentage of kills in the entire game.
 B = Kills by you in this place as a percentage of kills by you in the entire game.
 C = Kills by friends in this place as a percentage of kills by friends in the entire game.
 D = Other kills in this place as a percentage of other kills in the entire game.
 E = Experience gained in this place as a percentage of experience gained in the entire game.
 F = Experience gained in this place divided by the number of levels of this place that you have seen.
                   A       B       C       D       E      F
               +-------+-------+-------+-------+-------+----------------------
         Total | 100.0 | 100.0 |   N/A |   N/A | 100.0 |  87.0
       Dungeon | 100.0 | 100.0 |   N/A |   N/A | 100.0 |  87.0
               +-------+-------+-------+-------+-------+----------------------

Table legend: (Time is in decaauts)
 A = Elapsed time spent in this place.
 B = Non-inter-level travel time spent in this place.
 C = Inter-level travel time spent in this place.
 D = Time resting spent in this place.
 E = Time spent auto-exploring this place.
 F = Levels seen in this place.
 G = Mean time per level.
                   A        B        C        D        E       F      G
               +--------+--------+--------+--------+--------+-----+--------+
         Total |   1474 |   1432 |     42 |     92 |    998 |   2 |  737.0 |
       Dungeon |   1474 |   1432 |     42 |     92 |    998 |   2 |  737.0 |
               +--------+--------+--------+--------+--------+-----+--------+

Top non-repeatable levels by time:
     D:1: 739 daAuts
     D:2: 735 daAuts
